AoeStats
← SparedLace8400

Arabian Desert

510314394Analyzed
1v1 RM · 2d ago on Sep 30, 2026· 29m 30s· 2 players
Game mode
Random Map
Map size
Tiny (2 player)
Population
200
Speed
Normal
Resources
Standard
Victory
Conquest
Starting age
Dark Age
Ending age
Imperial Age
RankedLock teamsTeams togetherTeam positionsShared explorationLock speedFull tech treeHidden civsTurbo modeCheats
Victory
Defeat
🇨🇳 Bulgarians · China
816
+15
🇹🇼 Poles · Taiwan
801
-15
SparedLace8400
3:30 Loom
9:54 Feudal Age
10:23 Double-Bit Axe
12:25 Bloodlines
13:50 Scale Barding Armor
18:01 Horse Collar
18:38 Forging
24:03 Castle Age
24:33 Stone Mining
24:25 Light Cavalry
25:42 Husbandry
26:47 Bow Saw
27:49 Fletching
mike
9:29 Loom
13:08 Feudal Age
13:59 Double-Bit Axe
14:02 Town Watch
14:59 Forging
14:49 Scale Mail Armor
14:38 Arson
23:03 Wheelbarrow
22:42 Horse Collar
27:41 Castle Age
27:23 Stone Mining
27:27 Gold Mining
30:04 Squires
Connection lost

Rejoining the realm…

Still unreachable

The connection could not be restored.

Session expired

The server has moved on; the page needs a fresh start.